 Dungeon Crawl Stone Soup version 0.18-a0-1481-g708b138 (webtiles) character file.

1295 xeno23 the Tainter (level 8, -5/69 HPs)
             Began as a Naga Venom Mage on Mar 2, 2016.
             Was an Initiate of Cheibriados.
             Killed from afar by an electric eel (11 damage)
             ... with a bolt of electricity
             ... on level 6 of the Dungeon.
             The game lasted 00:30:19 (5830 turns).

xeno23 the Tainter (Naga Venom Mage)                Turns: 5830, Time: 00:30:20

Health: -5/69      AC:  6    Str: 11    XL:     8   Next: 56%
Magic:  11/13      EV: 11    Int: 16    God:    Cheibriados [......]
Gold:   237        SH:  0    Dex: 16    Spells: 4 memorised, 1 level left

rFire  . . .     SeeInvis +     N - +0 rapier
rCold  . . .     Gourm    .     x - +0 leather armour
rNeg   . . .     Faith    .     (no shield)
rPois  +         Spirit   .     (no helmet)
rElec  .         Dismiss  .     k - +0 cloak
rCorr  .         Reflect  .     d - +0 pair of gloves
SustAt .         Harm     .     (no barding)
MR     +....                    (no amulet)
Stlth  +.........               y - +3 ring of slaying
                                r - ring of wizardry

@: confused, lethally poisoned (-5 -> -10), very slow, somewhat resistant to
hostile enchantments, very unstealthy
A: see invisible, deformed body, poison resistance, slowness 2, slow metabolism
1, spit poison 2, AC +2
a: Spit Poison, Bend Time, Renounce Religion


You were on level 6 of the Dungeon.
You worshipped Cheibriados.
Cheibriados was noncommittal.
You were hungry.

You visited 2 branches of the dungeon, and saw 7 of its levels.
You also visited: Sewer.

You collected 237 gold pieces.

Inventory:

Hand Weapons
 N - a +0 rapier (weapon)
Missiles
 t - 2 javelins (quivered)
 C - 15 poisoned needles
Armour
 d - a +0 pair of gloves (worn)
 k - a +0 cloak (worn)
 x - a +0 leather armour (worn)
Jewellery
 r - a ring of wizardry (left hand)
 s - an uncursed ring of protection from magic
 u - an uncursed ring of fire
 y - a +3 ring of slaying (right hand)
Wands
 A - a wand of disintegration (7/24)
 J - a wand of confusion (38/48)
 L - a wand of confusion (29/48)
Scrolls
 i - 2 scrolls of immolation {unknown}
 m - a scroll of enchant weapon {unknown}
 n - a scroll of amnesia {unknown}
 o - 3 scrolls of fog {unknown}
 p - 6 scrolls of remove curse
 q - 2 scrolls of enchant armour {unknown}
 v - a scroll of magic mapping {unknown}
 w - 6 scrolls of teleportation {unknown}
 D - 7 scrolls of identify {unknown}
 E - a scroll of fear {unknown}
 G - a scroll of recharging {unknown}
 K - a scroll of random uselessness {unknown}
Potions
 a - a potion of degeneration {unknown}
 e - 2 potions of invisibility
 g - a potion of ambrosia
 j - a potion of flight {unknown}
 l - 2 potions of curing {unknown}
 z - a potion of agility
 B - 2 potions of might {unknown}
 F - a potion of haste {unknown}
 I - a potion of brilliance
Books
 b - a Young Poisoner's Handbook

   Spells                             Type                      Level
   a - Sting                          Conjuration/Poison           1
   b - Cure Poison                    Poison                       2
   c - Mephitic Cloud                 Conjuration/Poison/Air       3
   d - Olgreb's Toxic Radiance        Poison                       4
   e - Venom Bolt                     Conjuration/Poison           5
 H - a Necronomicon

   Spells                             Type                      Level
   a - Haunt                          Necromancy/Summoning         7
   b - Borgnjor's Revivification      Necromancy                   8
   c - Death's Door                   Charms/Necromancy            8
   d - Necromutation                  Transmutation/Necromancy     8
Comestibles
 c - 2 bread rations
 f - 6 meat rations


   Skills:
 * Level 3.2 Fighting
 + Level 3.4 Dodging
 + Level 6.0 Stealth
 + Level 3.6 Spellcasting
 * Level 4.7 Conjurations
 * Level 8.4 Poison Magic
 + Level 1.2 Invocations


You had one spell level left.
You knew the following spells:

 Your Spells              Type           Power        Failure   Level  Hunger
a - Sting                 Conj/Pois      ###.         1%          1    None
d - Mephitic Cloud        Conj/Pois/Air  ###.....     6%          3    ###....
q - Venom Bolt            Conj/Pois      ###.......   26%         5    ######.
s - Olgreb's Toxic Radia  Pois           ####....     4%          4    ####...


Dungeon Overview and Level Annotations

Branches:
Dungeon (6/15)             Temple (1/1) D:6

Altars:
Ashenzari
Cheibriados
Dithmenos
Elyvilon
Gozag
Kikubaaqudgha
Makhleb
Nemelex Xobeh
Okawaru
Pakellas
Ru
Sif Muna
Trog
Vehumet
Xom
Yredelemnul
Zin
The Shining One

Shops:
D:4 *   D:6 %


Innate Abilities, Weirdness & Mutations

You cannot wear boots.
Your serpentine skin is tough (AC +2).
You have supernaturally acute eyesight.
Armour fits poorly on your strangely shaped body.
Your system is resistant to poisons.
You cover ground very slowly.
You have a slow metabolism.
You can spit poison.


Message History

* * * LOW HITPOINT WARNING * * *
The electric eel shoots out a bolt of lightning at you!
The bolt of electricity hits you!
* * * LOW HITPOINT WARNING * * *
You take 27 damage.
Casting: Olgreb's Toxic Radiance
Confirm with . or Enter, or press ? or * to list all spells.
You can't see any susceptible monsters within range! (Use Z to cast anyway.) Drink which item? (? for menu, Esc to quit)
You are confused.
You feel invigorated.
You are more poisoned.
The electric eel looks even sicker.
Your toxic aura wanes.
* * * LOW HITPOINT WARNING * * *
You feel sick.
The electric eel shoots out a bolt of lightning at you!
The bolt of electricity hits the electric eel.
The electric eel completely resists.
The bolt of electricity hits you!
You die...

..# #.....#...##≈≈###≈ ..#
##...##...#.≈≈≈≈≈≈ ..#
##'###...#.≈≈;≈≈≈ ..#
#....#.....≈≈# # ### ..#
##....#....#≈≈# +≈≈# ≈≈#.. ..#
#.....'...##≈≈###≈≈###≈≈#..
..#...##...##...###≈≈;≈;≈≈≈≈≈.#..
..#...##'#########..≈≈≈≈≈≈≈≈..#..
..#...##........@.....#.......#..
..#...##..............#.......#..
..#....#.[............#.......#..
..#....#........#####'#.......#..
..#...###########.≈§≈≈≈....(..#..
..#'###...........≈###≈.......#..
...................'_'........#..
..................≈###≈.......#..
..................≈≈≈≈≈......(#..


You could see 2 electric eels.

Vanquished Creatures
  2 water moccasins (D:5)
  A phantom (D:4)
  Purgy (Sewer)
  An orc warrior (D:6)
  A centaur (D:6)
  A scorpion (D:4)
  A howler monkey (D:5)
  2 crimson imps
  3 orc priests
  2 hounds (D:6)
  3 orc wizards
  An iguana (D:4)
  2 worker ants
  A hound skeleton (D:4)
  13 adders
  A shadow imp (D:5)
  An ooze (D:6)
  3 adder skeletons
  2 worms (D:2)
  2 dart slugs (D:1)
  14 orcs
  A ball python (D:1)
  8 giant cockroaches
  5 goblins
  11 hobgoblins
  3 jackals (D:3)
  7 kobolds
  5 quokkas
  10 bats
  A giant gecko skeleton (D:4)
  7 giant newts
  5 rats
  A rat zombie (D:3)
122 creatures vanquished.

Vanquished Creatures (others)
  A yak (D:4)
  An adder (D:6)
2 creatures vanquished.

Grand Total: 124 creatures vanquished

Notes
Turn   | Place    | Note
--------------------------------------------------------------
     0 | D:1      | xeno23 the Naga Venom Mage began the quest for the Orb.
     0 | D:1      | Reached XP level 1. HP: 15/15 MP: 3/3
   239 | D:1      | Reached XP level 2. HP: 22/22 MP: 1/5
   331 | D:1      | Found a shattered altar of Ashenzari.
   715 | D:1      | Reached XP level 3. HP: 30/30 MP: 0/6
   853 | D:2      | Learned a level 3 spell: Mephitic Cloud
   923 | D:2      | Reached skill level 1 in Fighting
   952 | D:2      | Reached skill level 1 in Conjurations
   952 | D:2      | Reached skill level 6 in Poison Magic
   952 | D:2      | Reached XP level 4. HP: 23/38 MP: 2/7
  1402 | D:2      | Learned a level 4 spell: Olgreb's Toxic Radiance
  1760 | D:3      | Reached XP level 5. HP: 41/44 MP: 1/8
  1807 | D:3      | Found a deep blue altar of Sif Muna.
  1837 | D:3      | Found a glowing drain.
  1844 | Sewer    | Entered a sewer
  1926 | Sewer    | Noticed Purgy
  1944 | Sewer    | HP: 2/44 [Purgy (5)]
  1945 | Sewer    | Killed Purgy
  1945 | Sewer    | Reached XP level 6. HP: 6/51 MP: 8/10
  2307 | D:3      | Found an opulent altar of Gozag.
  2380 | D:3      | Found an ancient bone altar of Kikubaaqudgha.
  2643 | D:4      | Reached skill level 5 in Stealth
  2664 | D:4      | Reached skill level 7 in Poison Magic
  2716 | D:4      | Noticed a phantom
  2738 | D:3      | Reached XP level 7. HP: 26/60 MP: 3/11
  2941 | D:4      | Found Fasust's General Store.
  3166 | D:4      | Found an oddly glowing altar of Pakellas.
  3166 | D:4      | Noticed an orange crystal statue
  3167 | D:4      | Noticed a yak
  3171 | D:4      | Killed a yak
  3514 | D:5      | Entered Level 5 of the Dungeon
  4474 | D:5      | Reached skill level 8 in Poison Magic
  4474 | D:5      | Reached XP level 8. HP: 20/68 MP: 10/13
  4717 | D:5      | Learned a level 5 spell: Venom Bolt
  4721 | D:5      | Found a basalt altar of Yredelemnul.
  4773 | D:5      | Found a white marble altar of Elyvilon.
  4948 | D:6      | Found Meudeliy's Food Boutique.
  4957 | D:6      | Found a staircase to the Ecumenical Temple.
  4973 | Temple   | Entered the Ecumenical Temple
  5081 | Temple   | Became a worshipper of Cheibriados the Contemplative
  5145 | D:6      | Found a sparkling altar of Nemelex Xobeh.
  5182 | D:6      | Found a shattered altar of Ashenzari.
  5185 | D:6      | Found a glowing golden altar of the Shining One.
  5188 | D:6      | Found an iron altar of Okawaru.
  5380 | D:6      | Reached skill level 1 in Invocations
  5728 | D:6      | Found a bloodstained altar of Trog.
  5829 | D:6      | HP: 1/69 [electric eel/bolt of electricity (10)]
  5830 | D:6      | Killed from afar by an electric eel

Vault maps used:
D:1:      dpeg_arrival_solitude, minmay_misc_feat_doors, st_stairs_13,
          evilmike_ruin_ashenzari
D:3:      led_sif_book, lemuel_zombie_altar_kikubaaqudgha,
          nicolae_gozag_seed_capital, lightli_sewer_entry_pipes,
          hangedman_abyss_or_decor_stabs
D:4:      serial_shops, shop, gammafunk_pakellas_statue_experiment
D:5:      kennysheep_ying_yang, first_bread
D:6:      kennysheep_mini_moat, kennysheep_mini, grunt_temple_overflow_diamond,
          minmay_temple_entry_purple_smoke, serial_shops, nicolae_shop_trees,
          water_boxes_lemuel
Temple:   circular_temple_pool_8
Sewer:    kennysheep_door_sewer

Skill      XL: |  1  2  3  4  5  6  7  8 |
---------------+-------------------------+-----
Fighting       | 1 2 3 |  3.2
Conjurations   | 1 2 4 |  4.7
Poison Magic   | 6 7 8 |  8.4
Stealth        | 4 5 6 |  6.0
Dodging        | 2 3 |  3.4
Spellcasting   | 3 |  3.6
Invocations    | 1 |  1.2

Action                   |  1- 3 |  4- 6 |  7- 9 || total
-------------------------+-------+-------+-------++-------
Melee: Unarmed           |     4 |       |       ||     4
       Mace              |    17 |    69 |   111 ||   197
       Rapier            |       |       |    29 ||    29
Throw: Javelin           |       |       |     4 ||     4
 Cast: Sting             |    61 |    77 |    51 ||   189
       Olgreb's Toxic Ra |       |     4 |     7 ||    11
       Mephitic Cloud    |       |     1 |     9 ||    10
 Abil: Spit Poison       |     5 |    12 |     9 ||    26
  Use: Potion            |       |     3 |     3 ||     6
       Scroll            |       |     1 |       ||     1
 Stab: Sleeping          |       |     6 |     1 ||     7
       Confused          |       |     2 |     1 ||     3
  Eat: Chunk             |     1 |     7 |     8 ||    16
       Royal jelly       |       |       |     1 ||     1
       Beef jerky        |       |       |     1 ||     1
